 Dungeon Crawl Stone Soup version 0.30-a0-1114-gd936c97349 (webtiles) character file.

Game seed: 1206167567666882235

5 BlueFish the Grasshopper (level 1, -1/14 HPs)
             Began as an Octopode Warper on Apr 20, 2023.
             Slain by a gnoll
             ... wielding a +0 flail
              (7 damage)
             ... on level 1 of the Dungeon.
             The game lasted 00:00:32 (329 turns).

BlueFish the Grasshopper (Octopode Warper)           Turns: 329, Time: 00:00:32

Health: -1/14      AC:  1    Str: 10    XL:     1   Next: 80%
Magic:  3/3        EV: 13    Int: 15    God:
Gold:   78         SH:  0    Dex: 11    Spells: 4/4 levels left

rFire   . . .      SeeInvis .    a - +0 mace
rCold   . . .      Faith    .    (no shield)
rNeg    . . .      Spirit   .    (helmet restricted)
rPois   .          Reflect  .    (no amulet)
rElec   .          Rampage  .    (no ring)
rCorr   .                        (no ring)
Will    .....                    (no ring)
Stlth   ++                       (no ring)
HPRegen 0.22/turn                (no ring)
MPRegen 0.08/turn                (no ring)
                                 (no ring)
                                 (no ring)

@: no status effects
A: almost no armour, amphibious, 8 rings, camouflage 1, gelatinous body 1,
(nimble swimmer 1), tentacles
a: no special abilities


You were on level 1 of the Dungeon.
You visited 1 branch of the dungeon, and saw 1 of its levels.

You collected 78 gold pieces.

Inventory:

Hand Weapons
 a - a +0 mace (weapon)
Missiles
 c - 7 boomerangs of dispersal
 h - 6 stones (quivered)
Scrolls
 b - a scroll of blinking
 f - a scroll of identify {unknown}
 g - 3 scrolls of magic mapping {unknown}
Potions
 d - a potion of berserk rage {unknown}
 e - a potion of flight {unknown}


   Skills:
 + Level 2.0 Fighting
 + Level 2.0 Maces & Flails
 + Level 1.1 Throwing
 + Level 2.4 Dodging
 * Level 0.7 Stealth
 + Level 2.0 Spellcasting
 + Level 3.0 Translocations


You had 4 spell levels left.
You didn't know any spells.
Your spell library contained the following spells:

 Spells                   Type           Power      Damage    Failure   Level
 Blink                    Tloc           20%        N/A       10%         2
 Lesser Beckoning         Tloc           20%        N/A       10%         2
 Teleport Other           Tloc           10%        N/A       19%         3
 Vhi's Electric Charge    Tloc/Air       12%        N/A       34%         3
 Manifold Assault         Tloc           10%        N/A       52%         4


Dungeon Overview and Level Annotations

Branches:
Dungeon (1/15)

Altars:


Innate Abilities, Weirdness & Mutations

You cannot wear most types of armour.
You are amphibious.
You can wear up to eight rings at the same time.
Your skin changes colour to match your surroundings (Stealth+).
Your rubbery body absorbs attacks. (AC +1, EV +1)
((You are camouflaged when in or above water. (Stealth+)))
You have tentacles for arms and can constrict up to eight enemies at once.


Message History

Found a faded altar of an unknown god.
There is an open door here.
You now have 60 gold pieces (gained 9).
e - a clear potion
f - a scroll labelled OWIYBB SEPT
g - 3 scrolls labelled KAELOI XUHI A rat comes into view.
Found a stone staircase leading down.
You hit the rat. You grab the rat.
The rat is moderately wounded.
You constrict the rat, but do no damage.
The rat closely misses you.
You hit the rat.
You kill the rat!
Found 6 stones.
An endoplasm comes into view.
The helpless endoplasm fails to defend itself.
You hit the endoplasm.
You kill the endoplasm!
You see here 6 stones.
h - 6 stones You now have 71 gold pieces (gained 11).
You now have 78 gold pieces (gained 7).
There is a stone staircase leading down here.
A gnoll comes into view. It is wielding a +0 flail.
The gnoll shouts!
You hit the gnoll. Your grab misses the gnoll.
The gnoll is moderately wounded.
The gnoll barely misses you.
You hit the gnoll. Your grab misses the gnoll.
You squeeze the gnoll, but do no damage.
The gnoll is severely wounded.
The gnoll hits you with a +0 flail!
Ouch! That really hurt!
You hit the gnoll. You grab the gnoll.
The gnoll is severely wounded.
You constrict the gnoll. The gnoll barely misses you.
The gnoll hits you with a +0 flail!
Ouch! That really hurt!
You die...

#.###......# ####
#..........# #####
######...### .... #...#
.... #...# .... . #...#
###.##. #...# #.....
######...#####.#g# #
................@##..###
........................
................#..#.###
#.####...#####.###.# #.#
#...# #.......# #.#
#...# #####.### #.#
#.)># # ..# #...#
######...#


You could see a gnoll.

Vanquished Creatures
  An endoplasm (D:1)
  A quokka (D:1)
  3 bats (D:1)
  A rat (D:1)
6 creatures vanquished.

Notes
Turn   | Place    | Note
-------+----------+-------------------------------------------
     0 | D:1      | BlueFish the Octopode Warper began the quest for the Orb.
     0 | D:1      | Reached XP level 1. HP: 14/14 MP: 3/3
   100 | D:1      | Found a faded altar of an unknown god.
   329 | D:1      | Slain by a gnoll

Illustrated notes

Levels and vault maps discovered:
D:1:      eino_arrival_water_cross, layout_loops_cross,
          hellmonk_ecumenical_altar_inner_sanctum

Action                     || total
---------------------------++-------
  Melee: Mace              ||    17
         Constrict         ||     3
         Tentacles         ||     3
   Stab: Sleeping          ||     1
 Armour: Skin              ||     2
  Dodge: Dodged            ||    15

Table legend: (Time is in decaauts)
 A = Elapsed time spent in this place.
 B = Non-inter-level travel time spent in this place.
 C = Inter-level travel time spent in this place.
 D = Time resting spent in this place.
 E = Time spent auto-exploring this place.
 F = Levels seen in this place.
 G = Mean time per level.
                   A        B        C        D        E       F      G
               +--------+--------+--------+--------+--------+-----+--------+
         Total |    333 |    333 |      0 |      0 |    264 |   1 |  333.0 |
       Dungeon |    333 |    333 |      0 |      0 |    264 |   1 |  333.0 |
               +--------+--------+--------+--------+--------+-----+--------+

Top non-repeatable levels by time:
     D:1: 333 daAuts
